 Dungeon Sprint DCSS version 0.21.2 (webtiles) character file.

10700000 Fang the Intangible (level 27, -28/249 HPs)
             Began as a Demonspawn Gladiator on Jan 24, 2019.
             Was the Champion of Makhleb.
             Killed from afar by an observer (62 damage)
             ... with a bolt of fire
             ... in the Dungeon (Sprint VIII: "Arena of Blood").
             The game lasted 00:02:12 (107 turns).

Fang the Intangible (Demonspawn Gladiator)           Turns: 107, Time: 00:02:12

Health: -28/249    AC:  6    Str: 24    XL:     27
Magic:  41/54      EV: 31    Int: 14    God:    Makhleb [******]
Gold:   0          SH:  0    Dex: 14    Spells: 80/80 levels left

rFire    . . .     SeeInvis .   l - +∞ Axe of Woe
rCold    + . .     Gourm    .   (shield currently unavailable)
rNeg     . . .     Faith    .   b - +0 leather armour
rPois    .         Spirit   .   (helmet unavailable)
rElec    .         Reflect  .   (no cloak)
rCorr    .         Harm     .   (no gloves)
MR       ++...     NoTele   +   (no boots)
Stlth    ++++++++++             (no amulet)
HPRegen  0.51/turn              (no ring)
MPRegen  0.34/turn              (no ring)

@: no status effects
A: horns 3, cold resistance 1, icemail, nightstalker 3, augmentation 3, freezing
cloud immunity, sturdy frame 3
a: Minor Destruction, Lesser Servant of Makhleb, Major Destruction, Greater
Servant of Makhleb, Renounce Religion


You were in the Dungeon.
You worshipped Makhleb.
Makhleb was exalted by your worship.
You were not hungry.

You visited 1 branch

Inventory:

Hand Weapons
 a - a +0 war axe
 l - the +∞ Axe of Woe (weapon)
   (You found it in the Dungeon)
Missiles
 d - 3 throwing nets (quivered)
Armour
 b - a +0 leather armour (worn)
 c - a +0 helmet
Jewellery
 m - a +200 ring of slaying
 n - a +30 ring of slaying
Scrolls
 k - a scroll of blinking
Potions
 e - a potion of curing
 g - a potion of heal wounds
 h - a potion of haste
 i - 2 potions of magic
 j - a potion of berserk rage
Comestibles
 f - a ration


   Skills:
 O Level 27 Fighting
 O Level 27 Axes
 O Level 27 Throwing
 O Level 27 Armour
 O Level 27 Dodging
 O Level 27 Stealth
 O Level 27 Unarmed Combat
 O Level 27 Spellcasting
 O Level 27 Invocations


You had 80 spell levels left.
You didn't know any spells.

Dungeon Overview and Level Annotations

Branches:
Dungeon (1/1)

Altars:
Makhleb


Innate Abilities, Weirdness & Mutations

You have a pair of large horns on your head.
Your flesh is cold resistant. (rC+)
A meltable icy envelope protects you from harm. (AC +0)
You are completely attuned to the shadows.
Your magical and physical power is greatly enhanced at high health.
You are immune to freezing clouds.
Your movements are significantly less encumbered by armour. (ER -6)


Message History

Your body is wracked with pain!
You hear a shout! x4
A destroyer comes into view.
It is wielding a +9 great sword of slicing.
You hear a shout! x4
The eight-headed meat hydra is engulfed in blazing flames.
The eight-headed meat hydra calls on the powers of darkness!
The eight-headed meat hydra convulses!
Your body is wracked with pain!
* * * LOW HITPOINT WARNING * * *
The bag of meat convulses!
You hear a shout!
The destroyer hits you with a +9 great sword of slicing!!
* * * LOW HITPOINT WARNING * * *
x2 The destroyer bites you.
* * * LOW HITPOINT WARNING * * *
The destroyer draws strength from your injuries!
You hear a shout! x4; You feel something staring at you.
A bolt of fire appears from out of thin air!
Deactivating autopickup; reactivate with Ctrl-A.
The bolt of fire hits you!
You die...

.......Oz
....%...%.o.
.......o.2V.
..§.§..VD..
#)§.)@..# .
#D§§).)%#
...###))..)))###.
......))###).....
#.....).)_)))...
....))#.))..#...
......#_)<)_#...
......#)))).#...
#.....%))_......


You could see a meat beast, 2 eight-headed meat hydras, 2 destroyers, a sculptor
of flesh, a meat berserker (berserk) and 2 bags of meat.

Vanquished Creatures
  Sigmund (D)
  7 hell beasts (D)
  A greater mummy (D)
  A great orb of eyes (D)
  A wraith (D)
  Harold (D)
  11 vampire knights (D)
  22 ogres (D)
  5 two-headed ogres (D)
  34 orcs (D)
  3 phantoms (D)
  4 skeletal warriors (D)
  5 small abominations (D)
  A large abomination (D)
  2 crawling corpses (D)
99 creatures vanquished.

Notes
Turn   | Place    | Note
-------+----------+-------------------------------------------
     0 | D        | Found the +∞ Axe of Woe
     0 | D        | Fang the Demonspawn Gladiator began the quest for the Orb.
     0 | D        | Reached XP level 1. HP: 16/16 MP: 1/1
     4 | D        | Became a worshipper of Makhleb the Destroyer
    10 | D        | Noticed a meat berserker
    11 | D        | Noticed a meat berserker
    11 | D        | Noticed a bag of meat
    11 | D        | Noticed a meat berserker
    13 | D        | Noticed a meat berserker
    13 | D        | Noticed a bag of meat
    14 | D        | Noticed a bag of meat
    14 | D        | Noticed a bag of meat
    14 | D        | Noticed a bag of meat
    14 | D        | Noticed a large bag of meat
    14 | D        | Noticed a meat berserker
    14 | D        | Noticed a bag of meat
    14 | D        | Noticed a meat berserker
    14 | D        | Noticed a bag of meat
    14 | D        | Noticed a bag of meat
    14 | D        | Noticed a bag of meat
    14 | D        | Noticed a bag of meat
    14 | D        | Noticed a bag of meat
    15 | D        | Killed a meat berserker
    15 | D        | Gained mutation: You are slightly more attuned to the shadows. [demonic ancestry]
    15 | D        | Reached XP level 2. HP: 39/39 MP: 2/2
    15 | D        | Reached XP level 3. HP: 45/45 MP: 3/3
    15 | D        | Reached XP level 4. HP: 52/52 MP: 4/4
    15 | D        | Gained mutation: You have a pair of small horns on your head. [demonic ancestry]
    15 | D        | Reached XP level 5. HP: 58/58 MP: 5/5
    15 | D        | Gained mutation: You are significantly more attuned to the shadows. [demonic ancestry]
    15 | D        | Reached XP level 6. HP: 65/65 MP: 6/6
    15 | D        | Gained mutation: You have a pair of horns on your head. [demonic ancestry]
    15 | D        | Reached XP level 7. HP: 71/71 MP: 7/7
    15 | D        | Reached XP level 8. HP: 77/77 MP: 8/8
    15 | D        | Reached XP level 9. HP: 83/83 MP: 9/9
    15 | D        | Gained mutation: Your movements are slightly less encumbered by armour. (ER -2) [demonic ancestry]
    15 | D        | Reached XP level 10. HP: 90/90 MP: 10/10
    15 | D        | Gained mutation: Your movements are less encumbered by armour. (ER -4) [demonic ancestry]
    15 | D        | Reached XP level 11. HP: 96/96 MP: 11/11
    15 | D        | Reached XP level 12. HP: 103/103 MP: 12/12
    15 | D        | Reached XP level 13. HP: 109/109 MP: 13/13
    16 | D        | Killed a meat berserker
    16 | D        | Reached * piety under Makhleb
    16 | D        | Gained mutation: You have a pair of large horns on your head. [demonic ancestry]
    16 | D        | Reached XP level 14. HP: 17/120 MP: 14/14
    16 | D        | Killed a meat berserker
    16 | D        | Reached skill level 15 in Fighting
    16 | D        | Reached XP level 15. HP: 18/130 MP: 15/15
    17 | D        | Noticed a meat berserker
    17 | D        | Killed a meat berserker
    17 | D        | Reached skill level 15 in Throwing
    17 | D        | Reached ** piety under Makhleb
    17 | D        | Reached XP level 16. HP: 20/143 MP: 16/16
    17 | D        | Killed a meat berserker
    17 | D        | Reached skill level 27 in Axes
    17 | D        | Reached skill level 5 in Armour
    17 | D        | Reached skill level 27 in Dodging
    19 | D        | Killed a meat berserker
    19 | D        | Reached XP level 17. HP: 106/164 MP: 17/17
    19 | D        | Reached *** piety under Makhleb
    21 | D        | Reached skill level 27 in Fighting
    21 | D        | Reached skill level 10 in Armour
    21 | D        | Gained mutation: Your flesh is cold resistant. (rC+) [demonic ancestry]
    21 | D        | Reached XP level 18. HP: 152/182 MP: 18/18
    21 | D        | Reached **** piety under Makhleb
    21 | D        | Killed a large bag of meat
    21 | D        | Reached skill level 27 in Throwing
    23 | D        | Noticed a large bag of meat
    23 | D        | Noticed a meat berserker
    24 | D        | Killed a meat berserker
    24 | D        | Reached XP level 19. HP: 189/189 MP: 19/19
    24 | D        | Reached ***** piety under Makhleb
    24 | D        | Reached skill level 27 in Armour
    25 | D        | Reached skill level 10 in Unarmed Combat
    25 | D        | Reached skill level 10 in Spellcasting
    25 | D        | Gained mutation: You are immune to freezing clouds. [demonic ancestry]
    25 | D        | Reached XP level 20. HP: 197/197 MP: 19/36
    26 | D        | Killed a meat berserker
    26 | D        | Reached skill level 15 in Unarmed Combat
    26 | D        | Reached skill level 15 in Spellcasting
    27 | D        | Noticed a destroyer
    28 | D        | Gained mutation: A meltable icy envelope protects you from harm. (AC +0) [demonic ancestry]
    28 | D        | Reached XP level 21. HP: 204/204 MP: 19/44
    29 | D        | Noticed a destroyer
    29 | D        | Killed a large bag of meat
    29 | D        | Reached ****** piety under Makhleb
    29 | D        | Reached skill level 27 in Invocations
    30 | D        | Killed a destroyer
    31 | D        | Noticed a destroyer
    31 | D        | Noticed The Servant
    31 | D        | Noticed a large bag of meat
    31 | D        | Reached XP level 22. HP: 212/212 MP: 20/50
    31 | D        | Killed The Servant
    31 | D        | Reached skill level 27 in Stealth
    31 | D        | Reached skill level 27 in Unarmed Combat
    31 | D        | Reached skill level 27 in Spellcasting
    33 | D        | Killed a destroyer
    33 | D        | Gained mutation: Your magical and physical power is slightly enhanced at high health. [demonic ancestry]
    33 | D        | Reached XP level 23. HP: 166/219 MP: 20/54
    33 | D        | Killed a destroyer
    35 | D        | Killed a large bag of meat
    36 | D        | Noticed a destroyer
    39 | D        | Noticed a destroyer
    39 | D        | Noticed a destroyer
    39 | D        | Gained mutation: Your movements are significantly less encumbered by armour. (ER -6) [demonic ancestry]
    39 | D        | Reached XP level 24. HP: 227/227 MP: 22/54
    42 | D        | Killed a destroyer
    42 | D        | Killed a destroyer
    42 | D        | Gained mutation: You are completely attuned to the shadows. [demonic ancestry]
    42 | D        | Reached XP level 25. HP: 234/234 MP: 23/54
    44 | D        | Noticed a destroyer
    47 | D        | Killed a destroyer
    49 | D        | Gained mutation: Your magical and physical power is enhanced at high health. [demonic ancestry]
    49 | D        | Reached XP level 26. HP: 196/242 MP: 25/54
    54 | D        | Noticed a destroyer
    54 | D        | Noticed an accursed
    55 | D        | Noticed a destroyer
    56 | D        | Killed a destroyer
    57 | D        | Killed a destroyer
    57 | D        | Gained mutation: Your magical and physical power is greatly enhanced at high health. [demonic ancestry]
    57 | D        | Reached XP level 27. HP: 227/249 MP: 27/54
    60 | D        | Killed an accursed
    61 | D        | Noticed a large bag of meat
    61 | D        | Killed a destroyer
    64 | D        | Noticed a dread
    65 | D        | Killed a large bag of meat
    67 | D        | Killed a dread
    71 | D        | Noticed a meat beast
    72 | D        | Killed a meat beast
    75 | D        | Noticed a destroyer
    77 | D        | Noticed The Captor
    79 | D        | Killed The Captor
    83 | D        | Killed a destroyer
    87 | D        | Noticed a meat beast
    88 | D        | Noticed a large bag of meat
    89 | D        | Killed a meat beast
    91 | D        | Noticed a destroyer
    91 | D        | Killed a large bag of meat
    92 | D        | Noticed a meat beast
    94 | D        | Killed a meat beast
    95 | D        | Noticed a meat beast
    95 | D        | Noticed a meat beast
    95 | D        | Noticed a meat beast
    97 | D        | Noticed a meat beast
    97 | D        | Killed a meat beast
    98 | D        | Killed a meat beast
    99 | D        | Noticed a meat beast
    99 | D        | Killed a meat beast
   101 | D        | Killed a meat beast
   103 | D        | Killed a destroyer
   105 | D        | Noticed a destroyer
   107 | D        | Noticed a destroyer
   107 | D        | Killed from afar by an observer

Skill      XL: |  1  2  3  4  5  6  7  8  9 10 11 12 13 14 15 16 17 18 19 20 21 22 |
---------------+-------------------------------------------------------------------+-----
Fighting       | 12 14 15 17 23 27 | 27.0
Axes           | 18 21 23 26 27 | 27.0
Throwing       | 11 12 14 15 20 23 27 | 27.0
Dodging        | 18 21 23 25 27 | 27.0
Armour         | 2 3 4 7 10 23 27 | 27.0
Stealth        | 13 20 26 27 | 27.0
Unarmed Combat | 12 19 24 27 | 27.0
Spellcasting   | 12 19 24 27 | 27.0
Invocations    | 16 25 27 | 27.0

Action                   |  1- 3 |  4- 6 |  7- 9 | 10-12 | 13-15 | 16-18 | 19-21 | 22-24 | 25-27 || total
-------------------------+-------+-------+-------+-------+-------+-------+-------+-------+-------++-------
Melee: Executioner's axe |     1 |       |       |       |     2 |     3 |     7 |     6 |    39 ||    58
Armor: Leather armour    |       |       |       |       |       |       |       |       |     2 ||     2
Dodge: Dodged            |       |       |       |       |       |     1 |       |     3 |     7 ||    11
